General information
			
			
        
        - name: BNet
 
        - type: Ladder team game (AT/RT)
 
        - host: Battle.net
 
        - saver: b0lt
 
        
map: FullScaleAssault 
        - players: 8
 
        - length: 26:15
 
        - speed: Fast
 - version: 1.22 W3XP
 - replay type:  Public
 
» download(206 KB)
Players
        team 1 (loser) 
              
              
fineX (
blue | 56 APM | 1476 actions | 26:11)
              
 6 Blademaster 
 3 Wind Walk
 2 Critical Strike
 1 Bladestorm
 
                » actions 
                
                | Assign group hotkey | 28 |  | 
| Basic commands | 5 |  | 
| Build / train | 45 |  | 
| Enter build submenu | 29 |  | 
| Enter hero's abilities submenu | 6 |  | 
| Give item / drop item | 6 |  | 
| Remove unit from queue | 4 |  | 
| Right click | 729 |  | 
| Select / deselect | 225 |  | 
| Select group hotkey | 303 |  | 
| Use ability | 96 |  | 
                1476 total
 » units 
                
                | Peon | 12 |  | 
| Wind Rider | 4 |  | 
| Goblin Zeppelin | 1 |  | 
| Troll Batrider | 1 |  | 
                18 total
 » upgrades
                
                | Ranged Weapons | 3 |  | 
| Armor | 2 |  | 
| Envenomed Spears | 1 |  | 
| Liquid Fire | 1 |  | 
                7 total
 » buildings
                
                | Altar of Storms | 1 |  | 
| Orc Burrow | 7 |  | 
| War Mill | 2 |  | 
| Watch Tower | 12 |  | 
| Voodoo Lounge | 1 |  | 
| Stronghold | 2 |  | 
| Beastiary | 2 |  | 
| Fortress | 1 |  | 
| Great Hall | 2 |  | 
                30 total
 » build order
                00:07 Altar of Storms
00:08 Orc Burrow
00:23 War Mill
02:03 Watch Tower
02:25 Watch Tower
03:15 Voodoo Lounge
03:43 Stronghold
03:58 Watch Tower
03:59 Watch Tower
04:25 Watch Tower
05:08 Watch Tower
05:14 Orc Burrow
05:41 Watch Tower
06:22 Beastiary
06:23 Beastiary
06:35 Fortress
06:59 Watch Tower
07:05 Watch Tower
08:37 Watch Tower
08:54 Orc Burrow
10:12 Orc Burrow
12:39 Great Hall
13:57 Watch Tower
15:01 Watch Tower
17:05 War Mill
17:58 Orc Burrow
19:01 Orc Burrow
20:26 Orc Burrow
21:59 Great Hall
25:06 Stronghold
» items
                
                | Healing Salve | 2 |  | 
| Lesser Clarity Potion | 2 |  | 
| Orb of Venom | 1 |  | 
| Staff of Teleportation | 1 |  | 
                6 total
  
               
              
              
GapInTheTooth (
yellow | 49 APM | 1273 actions | 26:13)
              
 4 Pit Lord 
 2 Rain of Fire
 2 Cleaving Attack
 
                » actions 
                
                | Basic commands | 6 |  | 
| Build / train | 91 |  | 
| ESC pressed | 6 |  | 
| Enter build submenu | 61 |  | 
| Enter hero's abilities submenu | 4 |  | 
| Give item / drop item | 1 |  | 
| Right click | 468 |  | 
| Select / deselect | 479 |  | 
| Use ability | 155 |  | 
                1273 total
 » units 
                
                | Peasant | 26 |  | 
| Goblin Shredder | 2 |  | 
| Goblin Zeppelin | 1 |  | 
| Dragonhawk Rider | 1 |  | 
| Rifleman | 1 |  | 
                31 total
 » upgrades
                
                | Masonry | 3 |  | 
| Magic Sentry | 1 |  | 
| Lumber Harvesting | 1 |  | 
                5 total
 » buildings
                
                | Altar of Kings | 2 |  | 
| Farm | 7 |  | 
| Scout Tower | 99 |  | 
| Lumber Mill | 2 |  | 
| Arcane Tower | 1 |  | 
| Guard Tower | 39 |  | 
| Keep | 2 |  | 
| Arcane Sanctum | 1 |  | 
| Town Hall | 2 |  | 
| Gryphon Aviary | 1 |  | 
| Castle | 1 |  | 
| Blacksmith | 1 |  | 
| Arcane Vault | 1 |  | 
| Barracks | 1 |  | 
                160 total
 » build order
                00:23 Altar of Kings
00:32 Farm
00:57 Scout Tower
00:59 Scout Tower
01:02 Scout Tower
01:17 Scout Tower
01:23 Scout Tower
01:39 Lumber Mill
01:54 Scout Tower
01:54 Scout Tower
02:00 Arcane Tower
02:19 Scout Tower
02:19 Scout Tower
02:43 Guard Tower
02:47 Guard Tower
02:50 Guard Tower
02:55 Scout Tower
02:56 Scout Tower
03:24 Guard Tower
03:27 Scout Tower
03:29 Scout Tower
03:30 Scout Tower
04:00 Altar of Kings
04:02 Guard Tower
04:18 Scout Tower
04:18 Scout Tower
04:25 Scout Tower
04:26 Scout Tower
04:27 Scout Tower
04:33 Farm
04:38 Farm
04:46 Guard Tower
04:54 Guard Tower
04:58 Scout Tower
05:05 Keep
05:14 Scout Tower
05:19 Scout Tower
05:51 Guard Tower
05:54 Scout Tower
05:55 Scout Tower
06:34 Scout Tower
07:21 Lumber Mill
07:29 Guard Tower
07:39 Arcane Sanctum
07:45 Scout Tower
07:45 Scout Tower
08:17 Guard Tower
08:27 Scout Tower
08:28 Scout Tower
08:28 Scout Tower
08:28 Scout Tower
08:29 Scout Tower
08:42 Town Hall
08:44 Scout Tower
08:45 Scout Tower
08:47 Scout Tower
08:56 Farm
09:44 Scout Tower
09:45 Scout Tower
09:55 Guard Tower
09:59 Scout Tower
09:59 Scout Tower
10:00 Scout Tower
10:01 Scout Tower
11:06 Guard Tower
11:10 Scout Tower
11:10 Scout Tower
11:16 Guard Tower
11:45 Guard Tower
11:51 Scout Tower
11:52 Scout Tower
11:54 Scout Tower
11:55 Scout Tower
12:13 Scout Tower
12:13 Scout Tower
12:14 Scout Tower
12:14 Scout Tower
12:21 Scout Tower
12:21 Scout Tower
12:22 Scout Tower
12:23 Scout Tower
12:24 Scout Tower
12:47 Guard Tower
12:50 Guard Tower
13:09 Guard Tower
13:13 Guard Tower
13:15 Guard Tower
13:17 Scout Tower
13:18 Scout Tower
13:19 Scout Tower
13:21 Guard Tower
13:39 Town Hall
13:44 Scout Tower
13:44 Scout Tower
13:45 Scout Tower
13:50 Scout Tower
13:51 Scout Tower
13:52 Scout Tower
13:53 Scout Tower
13:55 Scout Tower
13:56 Scout Tower
13:57 Scout Tower
13:58 Scout Tower
14:00 Guard Tower
14:29 Guard Tower
14:35 Scout Tower
14:36 Scout Tower
14:36 Scout Tower
14:37 Scout Tower
14:37 Scout Tower
14:38 Scout Tower
14:40 Scout Tower
14:41 Scout Tower
14:42 Scout Tower
14:46 Guard Tower
14:49 Guard Tower
15:09 Guard Tower
15:27 Guard Tower
16:01 Guard Tower
16:05 Scout Tower
16:06 Scout Tower
16:07 Scout Tower
16:08 Scout Tower
16:10 Guard Tower
16:12 Scout Tower
16:48 Guard Tower
16:54 Keep
17:09 Gryphon Aviary
17:15 Guard Tower
17:51 Scout Tower
17:51 Scout Tower
17:52 Scout Tower
17:52 Scout Tower
18:16 Guard Tower
20:04 Castle
20:06 Guard Tower
20:08 Scout Tower
20:08 Scout Tower
20:09 Scout Tower
20:31 Scout Tower
20:32 Scout Tower
20:32 Scout Tower
21:14 Guard Tower
21:37 Scout Tower
22:03 Guard Tower
22:05 Scout Tower
22:06 Scout Tower
22:07 Scout Tower
22:08 Scout Tower
22:31 Guard Tower
23:11 Guard Tower
23:23 Blacksmith
23:29 Guard Tower
23:44 Arcane Vault
23:45 Guard Tower
24:21 Guard Tower
24:32 Barracks
24:59 Farm
26:06 Farm
26:09 Farm
» items
                
                | Potion of Healing | 1 |  | 
| Scroll of Regeneration | 1 |  | 
| Scroll of Town Portal | 2 |  | 
| Staff of Teleportation | 1 |  | 
| Boots of Speed | 1 |  | 
| Orb of Fire | 1 |  | 
                7 total
  
               
              
              
joltx (
purple | 55 APM | 1426 actions | 26:09)
              
 5 Warden 
 2 Shadow Strike
 2 Blink
 1 Fan of Knives
 
                » actions 
                
                | Basic commands | 39 |  | 
| Build / train | 48 |  | 
| ESC pressed | 9 |  | 
| Enter build submenu | 25 |  | 
| Enter hero's abilities submenu | 6 |  | 
| Give item / drop item | 6 |  | 
| Right click | 910 |  | 
| Select / deselect | 312 |  | 
| Use ability | 71 |  | 
                1426 total
 » units 
                
                | Wisp | 21 |  | 
| Druid of the Talon | 2 |  | 
| Chimaera | 2 |  | 
| Blue Dragon | 1 |  | 
| Blue Dragon Whelp | 1 |  | 
| Blue Drake | 1 |  | 
                28 total
 » upgrades
                
                | Strength of the Wild | 1 |  | 
| Druid of the Talon Training | 1 |  | 
| Well Spring | 1 |  | 
                3 total
 » buildings
                
                | Moon Well | 9 |  | 
| Altar of Elders | 1 |  | 
| Tree of Ages | 1 |  | 
| Hunter's Hall | 1 |  | 
| Tree of Eternity | 1 |  | 
| Ancient of Wind | 2 |  | 
| Chimaera Roost | 2 |  | 
| Ancient of Wonders | 1 |  | 
| Tree of Life | 3 |  | 
| Ancient Protector | 4 |  | 
                25 total
 » build order
                00:07 Moon Well
00:09 Altar of Elders
02:48 Moon Well
06:10 Tree of Ages
06:37 Hunter's Hall
08:32 Tree of Eternity
08:35 Ancient of Wind
08:47 Ancient of Wind
09:20 Moon Well
09:21 Moon Well
09:22 Moon Well
10:13 Moon Well
10:17 Moon Well
12:26 Moon Well
12:27 Moon Well
13:15 Chimaera Roost
13:18 Chimaera Roost
18:52 Ancient of Wonders
21:40 Tree of Life
21:44 Ancient Protector
21:46 Ancient Protector
21:47 Ancient Protector
21:49 Ancient Protector
23:04 Tree of Life
25:46 Tree of Life
» items
                
                | Potion of Mana | 1 |  | 
| Scroll of Town Portal | 3 |  | 
| Tome of Retraining | 1 |  | 
| Staff of Teleportation | 1 |  | 
| Boots of Speed | 1 |  | 
| Potion of Lesser Invulnerability | 1 |  | 
                8 total
  
               
              
              
VELOX_NEB (
teal | 60 APM | 1557 actions | 26:08)
              
 3 Blood Mage 
 2 Flame Strike
 1 Siphon Mana
 2 Archmage 
 1 Blizzard
 1 Brilliance Aura
 
                » actions 
                
                | Assign group hotkey | 15 |  | 
| Basic commands | 81 |  | 
| Build / train | 94 |  | 
| ESC pressed | 7 |  | 
| Enter build submenu | 69 |  | 
| Enter hero's abilities submenu | 5 |  | 
| Give item / drop item | 1 |  | 
| Right click | 731 |  | 
| Select / deselect | 381 |  | 
| Select group hotkey | 47 |  | 
| Use ability | 126 |  | 
                1557 total
 » units 
                
                | Peasant | 26 |  | 
| Sorceress | 1 |  | 
| Dragonhawk Rider | 7 |  | 
                34 total
 » upgrades
                
                | Masonry | 2 |  | 
| Gunpowder | 1 |  | 
| Magic Sentry | 1 |  | 
| Sorceress Training | 1 |  | 
| Armor | 1 |  | 
                6 total
 » buildings
                
                | Altar of Kings | 1 |  | 
| Lumber Mill | 3 |  | 
| Farm | 7 |  | 
| Scout Tower | 57 |  | 
| Guard Tower | 33 |  | 
| Keep | 3 |  | 
| Blacksmith | 1 |  | 
| Arcane Vault | 1 |  | 
| Town Hall | 3 |  | 
| Arcane Tower | 3 |  | 
| Arcane Sanctum | 1 |  | 
| Workshop | 1 |  | 
| Gryphon Aviary | 2 |  | 
| Barracks | 1 |  | 
                117 total
 » build order
                00:07 Altar of Kings
00:11 Lumber Mill
00:21 Farm
01:28 Scout Tower
01:47 Scout Tower
01:56 Scout Tower
01:57 Guard Tower
01:59 Scout Tower
02:01 Scout Tower
02:19 Guard Tower
02:22 Scout Tower
02:26 Farm
02:35 Scout Tower
02:38 Guard Tower
02:41 Scout Tower
02:43 Guard Tower
02:58 Guard Tower
03:01 Scout Tower
03:31 Guard Tower
03:33 Scout Tower
03:35 Guard Tower
03:37 Scout Tower
03:38 Guard Tower
03:40 Scout Tower
03:45 Farm
04:32 Guard Tower
04:35 Scout Tower
04:42 Keep
04:53 Blacksmith
04:55 Arcane Vault
04:56 Guard Tower
04:57 Guard Tower
04:59 Scout Tower
05:09 Guard Tower
05:11 Scout Tower
05:20 Keep
05:30 Guard Tower
05:36 Scout Tower
06:30 Guard Tower
06:32 Scout Tower
06:36 Scout Tower
06:37 Guard Tower
06:39 Scout Tower
06:45 Farm
07:17 Guard Tower
07:18 Scout Tower
07:20 Guard Tower
07:23 Scout Tower
07:47 Town Hall
07:51 Guard Tower
07:52 Guard Tower
07:55 Scout Tower
07:58 Scout Tower
08:30 Arcane Tower
08:32 Arcane Tower
08:41 Arcane Sanctum
08:56 Lumber Mill
10:34 Scout Tower
10:36 Scout Tower
10:43 Scout Tower
10:46 Scout Tower
10:48 Workshop
11:09 Guard Tower
11:55 Gryphon Aviary
12:03 Arcane Tower
12:11 Scout Tower
12:33 Scout Tower
12:38 Scout Tower
12:47 Scout Tower
12:49 Scout Tower
12:50 Scout Tower
13:24 Guard Tower
13:27 Scout Tower
13:28 Scout Tower
14:30 Gryphon Aviary
15:09 Farm
15:10 Farm
15:54 Town Hall
15:59 Scout Tower
16:00 Scout Tower
16:02 Scout Tower
16:03 Scout Tower
16:05 Scout Tower
16:11 Barracks
17:04 Farm
17:30 Guard Tower
18:31 Guard Tower
20:06 Town Hall
20:16 Guard Tower
22:08 Scout Tower
22:09 Scout Tower
22:10 Scout Tower
22:11 Scout Tower
22:12 Scout Tower
22:19 Scout Tower
22:20 Scout Tower
22:22 Scout Tower
22:28 Scout Tower
22:29 Scout Tower
22:30 Scout Tower
22:30 Scout Tower
22:31 Scout Tower
22:32 Scout Tower
22:32 Scout Tower
22:33 Scout Tower
23:10 Guard Tower
23:14 Guard Tower
23:42 Keep
23:43 Guard Tower
24:01 Guard Tower
24:07 Guard Tower
25:05 Lumber Mill
25:07 Guard Tower
25:08 Guard Tower
25:10 Guard Tower
25:55 Guard Tower
26:02 Scout Tower
» items
                
                | Lesser Clarity Potion | 3 |  | 
| Scroll of Regeneration | 2 |  | 
| Potion of Healing | 2 |  | 
| Potion of Mana | 1 |  | 
                8 total
  
               team 2 (winner) 
              
              
b0lt (
green | 73 APM | 1917 actions | 26:15)
              
 4 Demon Hunter 
 2 Mana Burn
 2 Evasion
 
                » actions 
                
                | Assign group hotkey | 53 |  | 
| Basic commands | 28 |  | 
| Build / train | 55 |  | 
| ESC pressed | 10 |  | 
| Enter build submenu | 26 |  | 
| Enter hero's abilities submenu | 4 |  | 
| Right click | 1092 |  | 
| Select / deselect | 348 |  | 
| Select group hotkey | 254 |  | 
| Use ability | 47 |  | 
                1917 total
 » units 
                
                | Wisp | 29 |  | 
| Glaive Thrower | 12 |  | 
| Archer | 1 |  | 
| Chimaera | 3 |  | 
                45 total
 » upgrades
                » buildings
                
                | Altar of Elders | 1 |  | 
| Moon Well | 9 |  | 
| Ancient of War | 2 |  | 
| Hunter's Hall | 1 |  | 
| Tree of Ages | 1 |  | 
| Tree of Life | 2 |  | 
| Ancient Protector | 2 |  | 
| Ancient of Wind | 1 |  | 
| Tree of Eternity | 1 |  | 
| Chimaera Roost | 4 |  | 
                24 total
 » build order
                00:05 Altar of Elders
00:21 Moon Well
00:57 Ancient of War
01:57 Hunter's Hall
02:01 Moon Well
02:36 Ancient of War
02:43 Moon Well
04:41 Moon Well
05:10 Moon Well
12:57 Tree of Ages
13:16 Tree of Life
13:22 Ancient Protector
13:58 Ancient Protector
14:04 Tree of Life
16:46 Ancient of Wind
16:47 Tree of Eternity
19:20 Chimaera Roost
19:22 Chimaera Roost
19:23 Chimaera Roost
19:25 Chimaera Roost
22:21 Moon Well
22:24 Moon Well
22:27 Moon Well
22:38 Moon Well
 
               
              
              
dumfuk (
pink | 66 APM | 1735 actions | 26:14)
              
 5 Archmage 
 3 Blizzard
 2 Brilliance Aura
 
                » actions 
                
                | Assign group hotkey | 11 |  | 
| Basic commands | 28 |  | 
| Build / train | 50 |  | 
| ESC pressed | 7 |  | 
| Enter build submenu | 27 |  | 
| Enter hero's abilities submenu | 5 |  | 
| Right click | 908 |  | 
| Select / deselect | 354 |  | 
| Select group hotkey | 296 |  | 
| Use ability | 49 |  | 
                1735 total
 » units 
                
                | Peasant | 10 |  | 
| Footman | 7 |  | 
| Gryphon Rider | 13 |  | 
| Dragonhawk Rider | 1 |  | 
                31 total
 » upgrades
                
                | Swords | 3 |  | 
| Armor | 4 |  | 
| Storm Hammers | 1 |  | 
                8 total
 » buildings
                
                | Farm | 13 |  | 
| Altar of Kings | 1 |  | 
| Barracks | 2 |  | 
| Lumber Mill | 1 |  | 
| Scout Tower | 1 |  | 
| Keep | 1 |  | 
| Guard Tower | 1 |  | 
| Blacksmith | 1 |  | 
| Castle | 1 |  | 
| Gryphon Aviary | 3 |  | 
| Arcane Vault | 1 |  | 
                26 total
 » build order
                00:09 Farm
00:13 Altar of Kings
00:51 Barracks
00:53 Barracks
01:22 Farm
01:31 Farm
02:01 Farm
02:12 Farm
02:30 Lumber Mill
02:46 Farm
02:59 Farm
03:10 Scout Tower
03:33 Keep
03:40 Guard Tower
04:39 Blacksmith
05:54 Castle
06:01 Gryphon Aviary
06:08 Gryphon Aviary
07:00 Arcane Vault
07:12 Farm
07:55 Farm
08:27 Gryphon Aviary
11:41 Farm
14:59 Farm
17:25 Farm
20:04 Farm
» items
                 
               
              
              
GankedAgain (
red | 67 APM | 1770 actions | 26:14)
              
 6 Blademaster 
 3 Wind Walk
 2 Critical Strike
 1 Bladestorm
 
                » actions 
                
                | Assign group hotkey | 19 |  | 
| Basic commands | 126 |  | 
| Build / train | 53 |  | 
| ESC pressed | 4 |  | 
| Enter build submenu | 16 |  | 
| Enter hero's abilities submenu | 5 |  | 
| Right click | 631 |  | 
| Select / deselect | 363 |  | 
| Select group hotkey | 505 |  | 
| Use ability | 48 |  | 
                1770 total
 » units 
                
                | Peon | 11 |  | 
| Grunt | 2 |  | 
| Demolisher | 9 |  | 
| Troll Batrider | 12 |  | 
| Wind Rider | 3 |  | 
                37 total
 » upgrades
                
                | Ranged Weapons | 3 |  | 
| Burning Oil | 1 |  | 
| Liquid Fire | 1 |  | 
| Envenomed Spears | 1 |  | 
                6 total
 » buildings
                
                | Altar of Storms | 1 |  | 
| Orc Burrow | 7 |  | 
| Barracks | 2 |  | 
| War Mill | 1 |  | 
| Voodoo Lounge | 1 |  | 
| Stronghold | 1 |  | 
| Fortress | 1 |  | 
| Beastiary | 2 |  | 
                16 total
 » build order
                00:11 Altar of Storms
00:13 Orc Burrow
00:42 Barracks
01:35 War Mill
01:51 Orc Burrow
02:49 Voodoo Lounge
03:28 Stronghold
03:33 Orc Burrow
04:37 Orc Burrow
04:50 Barracks
05:59 Orc Burrow
06:06 Fortress
08:55 Beastiary
08:58 Beastiary
09:01 Orc Burrow
17:36 Orc Burrow
» items
                 
               
              
              
shArAh0evA (
orange | 66 APM | 1735 actions | 26:14)
              
 3 Blademaster 
 2 Wind Walk
 1 Critical Strike
 3 Far Seer 
 2 Feral Spirit
 1 Chain Lighting
 
                » actions 
                
                | Assign group hotkey | 41 |  | 
| Basic commands | 8 |  | 
| Build / train | 59 |  | 
| ESC pressed | 9 |  | 
| Enter build submenu | 24 |  | 
| Enter hero's abilities submenu | 6 |  | 
| Right click | 1172 |  | 
| Select / deselect | 318 |  | 
| Select group hotkey | 28 |  | 
| Use ability | 70 |  | 
                1735 total
 » units 
                
                | Peon | 9 |  | 
| Shaman | 4 |  | 
| Troll Batrider | 18 |  | 
| Troll Witch Doctor | 3 |  | 
| Wind Rider | 1 |  | 
                35 total
 » upgrades
                
                | Shaman Training | 2 |  | 
| Witch Doctor Training | 4 |  | 
| Liquid Fire | 1 |  | 
| Ranged Weapons | 3 |  | 
| Armor | 2 |  | 
                12 total
 » buildings
                
                | Orc Burrow | 8 |  | 
| Altar of Storms | 1 |  | 
| Stronghold | 1 |  | 
| Voodoo Lounge | 1 |  | 
| War Mill | 1 |  | 
| Watch Tower | 2 |  | 
| Spirit Lodge | 3 |  | 
| Fortress | 1 |  | 
| Beastiary | 4 |  | 
                22 total
 » build order
                00:19 Orc Burrow
00:47 Altar of Storms
01:52 Stronghold
02:03 Voodoo Lounge
02:38 War Mill
02:57 Orc Burrow
03:01 Orc Burrow
03:55 Watch Tower
03:57 Watch Tower
05:00 Spirit Lodge
06:24 Fortress
06:29 Spirit Lodge
06:52 Beastiary
07:53 Spirit Lodge
08:14 Orc Burrow
08:44 Beastiary
09:48 Orc Burrow
15:01 Orc Burrow
15:47 Orc Burrow
16:36 Orc Burrow
18:18 Beastiary
20:22 Beastiary
» items
                
                | Healing Salve | 1 |  | 
| Orb of Lightning | 1 |  | 
                2 total
  
                Chat log
          (00:07 / All) b0lt: oh god
(00:14 / All) fineX: hi
(00:16 / All) VELOX_NEB: oh snap
(00:17 / All) dumfuk: :V
(00:21 / All) joltx: were going to tower
(00:25 / All) dumfuk: do you have stairs in your house?
(00:28 / All) fineX: i can tell we are going to be friends
(00:30 / All) GankedAgain: i have stairs
(00:31 / All) VELOX_NEB: "not these assholes"
(00:38 / All) fineX: whats a stairs?
(00:38 / All) b0lt: something like that
(01:03 / All) fineX: hey u guys r niggers u no that'
(01:09 / All) fineX: i fucking hate u i fucking hate ur kind